cohdb
Replays
Latest Replays
All Replays
Popular Replays
Top Player Replays
Match Explorer
How It Works
Community
CoH3 Stats
Reddit
Sign in to upload your games and track your stats! →
Sign in with Steam
Match 39472511
Unlisted
Match 39472511
Overview
Messages
Build Orders
End
Construct Section Command Post
Vickers Machine Gun Team
Selects Canadian Shock Battlegroup
Selects Canadian Shock Battlegroup
Selects Canadian Shock Battlegroup
Dingo Light Scout Car
Infantry Section
Construct Platoon Command Post
Royal Engineer Section
Selects Offensive Resupply
Selects Canadian Shock Section
Canadian Shock Section
Humber Armored Car
한글
Requiel
Siren
Sparkle
Mo-J
Wheeler
0
0
Comments
sign in to comment!
No comments posted yet!